 Dungeon Crawl Stone Soup version 0.20.1-1-g8b1a95d (webtiles) character file.

184 Minstaer the Changer (level 5, -10/45 HPs)
             Began as a Draconian Transmuter on Nov 4, 2017.
             Mangled by a gnoll
             ... wielding a +3 whip of electrocution
              (16 damage)
             ... on level 4 of the Dungeon.
             The game lasted 00:17:56 (4235 turns).

Minstaer the Changer (Draconian Transmuter)         Turns: 4235, Time: 00:17:56

Health: -10/45     AC:  5    Str: 12    XL:     5   Next: 36%
Magic:  9/9        EV: 12    Int: 14    God:
Gold:   196        SH:  0    Dex: 12    Spells: 3/10 levels left

rFire    . . .     SeeInvis .   a - +0 whip
rCold    . . .     Gourm    .   (no shield)
rNeg     . . .     Faith    .   (armour unavailable)
rPois    .         Spirit   .   (helmet restricted)
rElec    .         Reflect  .   (no cloak)
rCorr    .         Harm     .   (no gloves)
MR       .....                  (no boots)
Stlth    +.........             (no amulet)
Regen    0.2/turn               (no ring)
MPRegen  0.2/turn               (no ring)

@: no status effects
A: unfitting armour, cold-blooded, AC +5
a: no special abilities


You were on level 4 of the Dungeon.
You were very hungry.

You visited 1 branch of the dungeon, and saw 4 of its levels.

You collected 196 gold pieces.

Inventory:

Hand Weapons
 a - a +0 whip (weapon)
 b - a +0 hunting sling
Missiles
 d - 137 stones (quivered)
 i - 5 javelins
 m - 41 arrows
 t - 15 sling bullets
 A - 24 bolts
Armour
 C - a +0 shield of poison resistance
Jewellery
 k - an uncursed ring of see invisible {unknown}
 o - an uncursed ring of poison resistance {unknown}
 v - an uncursed ring of stealth {unknown}
 w - a cursed -2 ring of intelligence {unknown}
Scrolls
 f - a scroll of remove curse {unknown}
 g - 2 scrolls of fog {unknown}
 j - a scroll of magic mapping {unknown}
 n - 3 scrolls of identify {unknown}
 r - a scroll of fear {unknown}
 u - 2 scrolls of teleportation {unknown}
 y - a scroll of blinking {unknown}
Potions
 e - 3 potions of heal wounds {unknown}
 h - a potion of berserk rage {unknown}
 l - 2 potions of degeneration {unknown}
 p - a potion of mutation {unknown}
 z - a potion of resistance {unknown}
 D - a potion of curing
Books
 s - a book of Changes

   Spells                             Type                      Level
   a - Beastly Appendage              Transmutation                1
   b - Sticks to Snakes               Transmutation                2
   c - Spider Form                    Transmutation/Poison         3
   d - Ice Form                       Ice/Transmutation            4
   e - Blade Hands                    Transmutation                5
 B - a book of Misfortune

   Spells                             Type                      Level
   a - Confusing Touch                Hexes                        1
   b - Confuse                        Hexes                        3
   c - Gell's Gravitas                Translocation                3
   d - Petrify                        Transmutation/Earth          4
   e - Metabolic Englaciation         Hexes/Ice                    5
   f - Yara's Violent Unravelling     Hexes/Transmutation          5
Comestibles
 c - 4 bread rations
 x - a meat ration


   Skills:
 - Level 3.0 Fighting
 - Level 1.7 Dodging
 - Level 3.0 Unarmed Combat
 + Level 3.1 Spellcasting
 * Level 4.1 Transmutations


You had 3 spell levels left.
You knew the following spells:

 Your Spells              Type           Power        Failure   Level  Hunger
a - Beastly Appendage     Tmut           ##....       3%          1    #......
b - Sticks to Snakes      Tmut           ##......     6%          2    ##.....
c - Confusing Touch       Hex            #.....       22%         1    #......
d - Spider Form           Tmut/Pois      #.........   26%         3    ###....


Dungeon Overview and Level Annotations

Branches:
Dungeon (4/15)
 Temple: D:4-7

Altars:
Trog
Vehumet


Innate Abilities, Weirdness & Mutations

Your plain brown scales are hard. (AC +5)
You cannot fit into any form of body armour.
You are cold-blooded and may be slowed by cold attacks.


Message History

You continue memorising.
Your talons disappear.
You continue memorising.
You finish memorising.
Spell assigned to 'd'.
d - 135 stones (gained 1)
d - 137 stones (gained 2) Partly explored, can't reach some places.
There is a stone staircase leading down here.
You climb downwards. 3 gnolls come into view.
A gnoll is wielding a whip of electrocution.
The gnoll hits you but does no damage. x2; You are electrocuted!
The gnoll hits you with an enchanted spear.
* * * LOW HITPOINT WARNING * * *
Found a scroll labeled NITEJI EFOGH and a pair of embroidered gloves.
There is a stone staircase leading up, spattered with blood here.
The gnoll hits you with a whip of electrocution.
* * * LOW HITPOINT WARNING * * *
You are electrocuted!
You die...

.#
######.#
#......#
+......#
#......#
+?....[#
#.gg...#
#.@#
#.## .g.
..### #.
#


You could see 3 gnolls.

Vanquished Creatures
  A worker ant (D:4)
  A gnoll (D:3)
  3 adders (D:3)
  2 oozes (D:1)
  6 worms
  A dart slug (D:1)
  A leopard gecko (D:1)
  A bat (D:2)
  2 giant cockroaches
  6 goblins
  8 hobgoblins
  3 jackals (D:2)
  5 kobolds
  2 quokkas (D:3)
  3 frilled lizards (D:2)
  10 rats
55 creatures vanquished.

Vanquished Creatures (collateral kills)
  3 adders (D:3)
  3 gnolls (D:3)
  A worm (D:3)
  A goblin (D:3)
  A bat (D:3)
9 creatures vanquished.

Vanquished Creatures (others)
  An adder (D:3)
  An ooze (D:3)
  A goblin (D:3)
3 creatures vanquished.

Grand Total: 67 creatures vanquished

Notes
Turn   | Place    | Note
-------+----------+-------------------------------------------
     0 | D:1      | Minstaer the Draconian Transmuter began the quest for the Orb.
     0 | D:1      | Reached XP level 1. HP: 16/16 MP: 3/3
   175 | D:1      | Reached XP level 2. HP: 16/23 MP: 5/5
   872 | D:1      | Reached XP level 3. HP: 29/29 MP: 6/6
  1125 | D:2      | Learned a level 2 spell: Sticks to Snakes
  1630 | D:2      | Reached skill level 3 in Transmutations
  1753 | D:2      | Noticed a moth of wrath
  1756 | D:2      | Found a bloodstained altar of Trog.
  2230 | D:2      | You fall through a shaft for 2 floors!
  2632 | D:3      | Reached XP level 4. HP: 24/36 MP: 3/8
  2739 | D:3      | Found a radiant altar of Vehumet.
  3237 | D:3      | Learned a level 1 spell: Confusing Touch
  3786 | D:3      | Reached XP level 5. HP: 36/42 MP: 7/9
  4020 | D:4      | Reached skill level 4 in Transmutations
  4200 | D:3      | Learned a level 3 spell: Spider Form
  4235 | D:4      | Mangled by a gnoll

Skill      XL: |  1  2  3  4  5 |
---------------+----------------+-----
Fighting       | 2 3 |  3.0
Transmutations | 3 4 |  4.1
Spellcasting   | 3 |  3.1
Dodging        | |  1.7
Unarmed Combat | |  3.0

Action                   |  1- 3 |  4- 6 || total
-------------------------+-------+-------++-------
Melee: Unarmed           |    46 |    16 ||    62
       Tailslap          |    21 |    12 ||    33
       Whip              |   109 |    67 ||   176
       Headbutt          |     8 |       ||     8
       Kick              |     3 |     6 ||     9
       Punch             |     2 |     1 ||     3
 Fire: Hunting sling     |     7 |    23 ||    30
Throw: Stone             |       |     8 ||     8
 Cast: Beastly Appendage |     6 |     7 ||    13
       Sticks to Snakes  |     2 |     7 ||     9
 Stab: Sleeping          |       |     2 ||     2
  Eat: Chunk             |     5 |     5 ||    10
Armor: Skin              |    53 |    30 ||    83
Dodge: Dodged            |   114 |    81 ||   195
